 Dungeon Crawl Stone Soup version 0.21-a0-163-g3aa3f5d (webtiles) character file.

344 Deeps the Skirmisher (level 6, -6/58 HPs)
             Began as a Minotaur Fighter on Aug 6, 2017.
             Killed by divine providence
             ... invoked by an orc priest
              (15 damage)
             ... on level 4 of the Dungeon.
             The game lasted 00:03:59 (2085 turns).

Deeps the Skirmisher (Minotaur Fighter)             Turns: 2085, Time: 00:03:59

Health: -6/58      AC:  6    Str: 23    XL:     6   Next: 31%
Magic:  5/5        EV:  7    Int:  5    God:
Gold:   151        SH:  9    Dex:  9    Spells: 5/5 levels left

rFire    + . .     SeeInvis +   a - +0 war axe
rCold    x . .     Gourm    .   c - +0 shield
rNeg     . . .     Faith    .   b - +0 scale mail
rPois    .         Spirit   .   (helmet restricted)
rElec    .         Reflect  .   (no cloak)
rCorr    .         Harm     .   (no gloves)
MR       .....                  (no boots)
Stlth    ..........             (no amulet)
HPRegen  0.19/turn              m - ring of fire
MPRegen  0.09/turn              g - ring of see invisible

@: no status effects
A: retaliatory headbutt, horns 2
a: no special abilities


You were on level 4 of the Dungeon.
You were hungry.

You visited 1 branch of the dungeon, and saw 4 of its levels.

You collected 151 gold pieces.

Inventory:

Hand Weapons
 a - a +0 war axe (weapon)
Armour
 b - a +0 scale mail (worn)
 c - a +0 shield (worn)
Jewellery
 e - an uncursed ring of resist corrosion
 g - a ring of see invisible (right hand)
 m - a ring of fire (left hand)
Wands
 l - a wand of iceblast (7/15)
Scrolls
 h - a scroll of amnesia
 i - 2 scrolls of remove curse
 p - a scroll of identify
Potions
 k - a potion of invisibility
Comestibles
 d - a royal jelly
 f - 2 bread rations


   Skills:
 + Level 6.4 Fighting
 + Level 6.1 Axes
 - Level 3.6 Armour
 - Level 3.6 Shields


You had 5 spell levels left.
You didn't know any spells.

Dungeon Overview and Level Annotations

Branches:
Dungeon (4/15)
 Temple: D:4-7

Altars:
Fedhas
Ru
Wu Jian
Zin


Innate Abilities, Weirdness & Mutations

You reflexively headbutt those who attack you in melee.
You have a pair of horns on your head.


Message History

You hit the orc.
You kill the orc!
You slash the orc!
You kill the orc!
You slash the orc!
The orc is almost dead.
The orc closely misses you.
You barely miss the orc. You headbutt the orc.
You kill the orc!
The orc priest invokes the aid of Beogh against you.
You barely resist.
Items here: ))) [ ††† You closely miss the orc priest.
The orc priest hits you with a flail.
* * * LOW HITPOINT WARNING * * *
You closely miss the orc priest. The orc priest barely misses you.
You hit the orc priest. Your headbutt misses the orc priest.
The orc priest is lightly wounded.
The orc priest invokes the aid of Beogh against you.
Beogh smites you!
You die...

#.# #..## # ##.###...##
##...#.....##
#...........#
#............# _##
#.######...........##
...###..........#.....##
%....########)####......
#....._ #.@.........###
..#....####o######..###
....#$.#....# ..#
.......'....#
.......'....#
....#..#...##
..#....##### #....._
.....##


You could see an orc priest.

Vanquished Creatures
  Duvessa (D:4)
  An ogre (D:3)
  Dowan (D:4)
  An orc wizard (D:4)
  2 adders (D:2)
  A worm (D:2)
  3 dart slugs
  3 leopard geckos (D:3)
  4 orcs
  A ball python (D:1)
  2 giant cockroaches (D:2)
  7 goblins
  14 hobgoblins
  3 kobolds (D:1)
  A quokka (D:2)
  5 frilled lizards
  9 rats
59 creatures vanquished.

Notes
Turn   | Place    | Note
-------+----------+-------------------------------------------
     0 | D:1      | Deeps the Minotaur Fighter began the quest for the Orb.
     0 | D:1      | Reached XP level 1. HP: 19/19 MP: 0/0
    62 | D:1      | You fall through a shaft!
   207 | D:1      | Reached XP level 2. HP: 26/27 MP: 1/1
   683 | D:2      | Reached XP level 3. HP: 27/34 MP: 2/2
  1509 | D:3      | Reached XP level 4. HP: 37/41 MP: 3/3
  1637 | D:3      | Noticed an ogre
  1641 | D:3      | Killed an ogre
  1641 | D:3      | Reached skill level 5 in Fighting
  1641 | D:3      | Reached skill level 5 in Axes
  1641 | D:3      | Reached XP level 5. HP: 29/48 MP: 4/4
  2039 | D:4      | Noticed Duvessa
  2039 | D:4      | Noticed Dowan
  2055 | D:4      | Killed Dowan
  2061 | D:4      | Killed Duvessa
  2061 | D:4      | Reached XP level 6. HP: 30/57 MP: 5/5
  2068 | D:4      | Found an ornate altar of the Wu Jian Council.
  2068 | D:4      | Found a blossoming altar of Fedhas.
  2068 | D:4      | Found a sacrificial altar of Ru.
  2068 | D:4      | Found a glowing silver altar of Zin.
  2085 | D:4      | Killed from afar by an orc priest

Vault maps used:
D:1:      saegor_arrival_simple_e
D:4:      minmay_overflow_temple_hex, uniq_crazy_yiuf_cottage, uniq_duvessa

Skill      XL: |  1  2  3  4  5 |
---------------+----------------+-----
Axes           | 3 4 5 6 |  6.1
Fighting       | 4 5 6 |  6.4
Armour         | |  3.6
Shields        | |  3.6

Action                   |  1- 3 |  4- 6 || total
-------------------------+-------+-------++-------
Melee: War axe           |    97 |    45 ||   142
       Headbutt          |    11 |     6 ||    17
  Use: Scroll            |     2 |     2 ||     4
       Potion            |     1 |     5 ||     6
  Eat: Chunk             |     1 |     2 ||     3
Armor: Scale mail        |    40 |     5 ||    45
Dodge: Dodged            |    22 |    13 ||    35
Block: Shield            |    42 |    18 ||    60
